 Dungeon Crawl Stone Soup version 0.17-a0-1646-geb1493d (console) character file.

3884 Monkaria the Destroyer (level 10, 0/50 HPs)
             Began as a Deep Elf Conjurer on Aug 10, 2015.
             Was a Priest of Vehumet.
             Slain by a wasp (5 damage)
             ... on level 9 of the Dungeon.
             The game lasted 00:25:20 (9165 turns).

Monkaria the Destroyer (Deep Elf Conjurer)          Turns: 9165, Time: 00:25:20

Health: 0/50       AC:  7    Str:  5      XL:     10   Next: 0%
Magic:  25/25      EV: 12    Int: 24      God:    Vehumet [***...]
Gold:   291        SH:  0    Dex: 12 (15) Spells: 8 memorised, 12 levels left

rFire  . . .     SeeInvis .     v - +2 long sword (freeze)
rCold  + + .     Clarity  .     a - +0 robe
rNeg   + . .     SustAt   .     (no shield)
rPois  .         Gourm    +     p - +2 helmet
rElec  .         Spirit   .     r - +1 cloak
rCorr  .         Warding  .     (no gloves)
rMut   .         Stasis   .     (no boots)
MR     +....                    E - amulet of the gourmand
Stlth  ++........               C - ring of positive energy
                                o - ring of protection from cold

@: slowed, repel missiles, very slow, somewhat resistant to hostile
enchantments, unstealthy
A: cold resistance 1, low mp 1, wild magic 1
a: Renounce Religion


You were on level 9 of the Dungeon.
You worshipped Vehumet.
Vehumet was most pleased with you.
You were not hungry.

You visited 2 branches of the dungeon, and saw 10 of its levels.

You collected 369 gold pieces.
You spent 78 gold pieces at shops.

Inventory:

Hand weapons
 v - a +2 long sword of freezing (weapon)
 A - a -3 blowgun
Missiles
 z - 72 poisoned needles
 I - 4 tomahawks of dispersal (quivered)
Armour
 a - a +0 robe (worn)
 p - a +2 helmet (worn)
 r - a +1 cloak (worn)
 w - a +2 buckler
Jewellery
 j - an uncursed ring of fire
 m - an uncursed amulet of regeneration
 o - a ring of protection from cold (left hand)
 C - a ring of positive energy (right hand)
 E - an amulet of the gourmand (around neck)
Magical devices
 i - a wand of magic darts (14)
 t - a wand of teleportation (6)
 D - a wand of teleportation (2)
 F - a wand of invisibility (1)
 H - a wand of random effects (13)
Scrolls
 l - 5 scrolls of enchant armour
 n - a scroll of fear
 y - a scroll of teleportation
Potions
 e - 3 potions of magic
 f - 3 potions of haste
 k - 2 potions of might
 G - a potion of flight
Books
 b - a book of Conjurations

   Spells                             Type                      Level
   a - Magic Dart                     Conjuration                  1
   b - Searing Ray                    Conjuration                  2
   c - Dazzling Spray                 Conjuration/Hexes            3
   d - Fulminant Prism                Conjuration/Hexes            4
   e - Iskenderun's Mystic Blast      Conjuration                  4
   f - Iskenderun's Battlesphere      Conjuration/Charms           5
 g - a book of Summonings

   Spells                             Type                      Level
   a - Recall                         Summoning/Translocation      3
   b - Aura of Abjuration             Summoning                    5
   c - Shadow Creatures               Summoning                    5
   d - Summon Demon                   Summoning                    5
   e - Summon Forest                  Summoning/Translocation      5
   f - Summon Mana Viper              Hexes/Summoning              5
 x - a book of Alchemy

   Spells                             Type                      Level
   a - Sublimation of Blood           Necromancy                   2
   b - Ignite Poison                  Fire/Transmutation/Poison    3
   c - Alistair's Intoxication        Transmutation/Poison         4
   d - Condensation Shield            Ice                          4
   e - Petrify                        Transmutation/Earth          4
   f - Irradiate                      Conjuration/Transmutation    5
 J - a book of Air

   Spells                             Type                      Level
   a - Shock                          Conjuration/Air              1
   b - Swiftness                      Charms/Air                   2
   c - Repel Missiles                 Charms/Air                   2
   d - Static Discharge               Conjuration/Air              3
   e - Lightning Bolt                 Conjuration/Air              5
Comestibles
 c - 7 bread rations
 h - 4 meat rations
 q - a beef jerky
 u - 6 fruits
 B - 2 chunks of flesh


   Skills:
 - Level 2.4 Dodging
 - Level 2.4 Stealth
 - Level 12.1 Spellcasting
 + Level 12.4 Conjurations


You had 12 spell levels left.
You knew the following spells:

 Your Spells              Type           Power        Failure   Level  Hunger
a - Magic Dart            Conj           ####         1%          1    None
b - Searing Ray           Conj           ######       1%          2    None
c - Dazzling Spray        Conj/Hex       ######..     1%          3    None
d - Iskenderun's Mystic   Conj           #######.     1%          4    None
e - Iskenderun's Battles  Conj/Chrm      ######..     6%          5    ###....
f - Sublimation of Blood  Necr           ###.......   16%         2    None
g - Repel Missiles        Chrm/Air       ###...       16%         2    None
h - Swiftness             Chrm/Air       ###.....     16%         2    None


Dungeon Overview and Level Annotations

Branches:
Dungeon (9/15)             Temple (1/1) D:5
   Lair: D:8-11         Orc: D:9-12

Altars:
Ashenzari
Cheibriados
Dithmenos
Elyvilon
Fedhas
Gozag
Kikubaaqudgha
Makhleb
Nemelex Xobeh
Okawaru
Qazlal
Ru
Sif Muna
Trog
Vehumet
Xom
Yredelemnul
Zin
The Shining One

Shops:
D:8 *


Innate Abilities, Weirdness & Mutations

Your flesh is cold resistant.
Your magical capacity is low (-10% MP).
Your spells are a little harder to cast, but a little more powerful.


Message History

* * * LOW HITPOINT WARNING * * *
You are more poisoned.
You feel as though you will be slow longer.
Drink which item? (? for menu, Esc to quit)
You feel better. The wasp barely misses you. The gnoll sergeant misses you.
The wasp barely misses you.
Drink which item? (? for menu, Esc to quit)
It was a potion of magic.
Magic courses through your body.
The gnoll shouts!
The wasp stings you!
You feel as though you will be slow longer.
The gnoll sergeant closely misses you. The wasp completely misses you.
The gnoll sergeant hits you from afar with a spear!
* * * LOW HITPOINT WARNING * * *
Drink which item? (? for menu, Esc to quit)
It was a potion of degeneration.
There was something very wrong with that liquid.
You feel clumsy. The wasp misses you. The wasp stings you.
You die...

. ##.....)...>......#.......###
....#.................#.......#
.........gg....#......#.......#
.gg..Og..gO...gO...####.......#
.%.....g.g.......#### #.......#
.............g#.g...# #####.###
...###.}...g...gg##..# #.# ..
.........###y# ..# #<# .
.##.......# #@# .# #.#
...##...## #.# .# #.# ...>.....
#.. # #.# .#... ...# #.# #...
... #.### ... ... ... #.. .....


You could see an ogre, a gnoll sergeant, a wasp and 3 gnolls.

Vanquished Creatures
  Sigmund (D:3)
  A deep elf mage (D:9)
  A hungry ghost (D:7)
  4 orc warriors
  A black bear (D:6)
  An ice beast (D:9)
  6 ogres
  2 centaurs
  2 sky beasts
  4 giant frogs
  2 scorpions (D:8)
  11 killer bees
  A centaur zombie (D:7)
  3 crimson imps
  6 orc priests
  The ghost of Malak the Caller, a weakling DESu (D:3)
  A centaur skeleton (D:4)
  A giant frog zombie (D:8)
  Crazy Yiuf (D:2)
  8 hounds
  6 orc wizards
  6 worker ants
  3 hound skeletons
  Robin (D:2)
  8 adders
  3 shadow imps
  An ooze (D:1)
  An adder zombie (D:6)
  2 adder skeletons
  34 orcs
  3 ball pythons
  3 bats
  18 goblins
  9 hobgoblins
  11 jackals
  5 quokkas
  5 giant cockroaches
  8 giant geckos
  A giant gecko skeleton (D:5)
  6 giant newts
  15 kobolds
  A quokka skeleton (D:8)
  5 rats
  A bush (D:6)
214 creatures vanquished.

Notes
Turn   | Place    | Note
--------------------------------------------------------------
     0 | D:1      | Monkaria the Deep Elf Conjurer began the quest for the Orb.
     0 | D:1      | Reached XP level 1. HP: 10/10 MP: 6/6
   162 | D:1      | Reached XP level 2. HP: 15/15 MP: 4/8
   209 | D:1      | Reached skill level 5 in Conjurations
   873 | D:2      | Reached XP level 3. HP: 19/19 MP: 6/9
   900 | D:2      | Noticed Robin
  1039 | D:1      | Learned a level 2 spell: Searing Ray
  1045 | D:2      | Killed Robin
  1103 | D:2      | Found a bloodstained altar of Trog.
  1104 | D:2      | Found a white marble altar of Elyvilon.
  1163 | D:2      | Found a glowing silver altar of Zin.
  1164 | D:2      | Found a radiant altar of Vehumet.
  1448 | D:2      | Noticed Crazy Yiuf
  1465 | D:2      | Killed Crazy Yiuf
  1465 | D:2      | Reached skill level 6 in Conjurations
  1465 | D:2      | Reached XP level 4. HP: 24/24 MP: 5/10
  1793 | D:2      | Learned a level 3 spell: Dazzling Spray
  2064 | D:3      | Noticed Sigmund
  2145 | D:3      | Killed Sigmund
  2145 | D:3      | Reached skill level 8 in Conjurations
  2145 | D:3      | Reached XP level 5. HP: 28/28 MP: 4/11
  2145 | D:3      | Reached XP level 6. HP: 32/32 MP: 4/12
  2309 | D:3      | Learned a level 4 spell: Iskenderun's Mystic Blast
  2417 | D:3      | Noticed Malak's ghost (weakling DESu)
  2421 | D:3      | Killed Malak's ghost
  2927 | D:2      | Became a worshipper of Vehumet
  2984 | D:4      | Found a radiant altar of Vehumet.
  3125 | D:4      | Found a deep blue altar of Sif Muna.
  3307 | D:4      | Reached skill level 9 in Conjurations
  3459 | D:4      | You fall through a shaft!
  3662 | D:6      | Reached XP level 7. HP: 31/36 MP: 9/15
  3698 | D:6      | Reached skill level 5 in Spellcasting
  3716 | D:6      | Acquired Vehumet's first power
  3716 | D:6      | Offered knowledge of Sandblast by Vehumet.
  4072 | D:6      | Reached XP level 8. HP: 28/41 MP: 7/22
  4363 | D:6      | Reached skill level 10 in Spellcasting
  4520 | D:6      | Learned a level 5 spell: Iskenderun's Battlesphere
  4671 | D:6      | Offered knowledge of Flame Tongue by Vehumet.
  4671 | D:6      | Reached skill level 11 in Spellcasting
  5884 | D:5      | Entered Level 5 of the Dungeon
  5926 | D:5      | Reached skill level 12 in Spellcasting
  6033 | D:5      | Found a staircase to the Ecumenical Temple.
  6072 | D:5      | Found an opulent altar of Gozag.
  6087 | Temple   | Entered the Ecumenical Temple
  6250 | D:5      | Reached XP level 9. HP: 45/45 MP: 18/27
  6835 | D:7      | Reached skill level 10 in Conjurations
  7149 | D:7      | HP: 1/45 [orc warrior/hand axe (10)]
  7931 | D:8      | Offered knowledge of Throw Flame by Vehumet.
  8295 | D:8      | Learned a level 2 spell: Sublimation of Blood
  8481 | D:8      | Found Apiebbin's General Store.
  8483 | D:8      | Acquired Vehumet's second power
  8495 | D:8      | Bought a potion of curing for 39 gold pieces
  8495 | D:8      | Bought a potion of curing for 39 gold pieces
  8529 | D:8      | Learned a level 2 spell: Repel Missiles
  8532 | D:8      | Learned a level 2 spell: Swiftness
  9085 | D:9      | Gained mutation: Your spells are a little harder to cast, but a little more powerful. [mutagenic meat]
  9086 | D:9      | Gained mutation: You can breathe flames. [mutagenic meat]
  9087 | D:9      | Lost mutation: You can breathe flames. [mutagenic meat]
  9088 | D:9      | Gained mutation: Your magical capacity is low (-10% MP). [mutagenic meat]
  9089 | D:9      | Gained mutation: Your flesh is cold resistant. [mutagenic meat]
  9127 | D:9      | Offered knowledge of Stone Arrow by Vehumet.
  9154 | D:9      | Reached XP level 10. HP: 50/50 MP: 20/25
  9154 | D:9      | Paralysed by a wasp for 1 turns
  9165 | D:9      | Slain by a wasp

Vault maps used:
D:1:      dpeg_arrival_pits
D:2:      nicolae_overflow_hidden_temple, first_bread, grunt_ministairs_11,
          uniq_crazy_yiuf_cottage, uniq_robin
D:3:      uniq_sigmund
D:4:      lemuel_doored_altar, vehumet_altar_wand_db
D:5:      grunt_gozag_statues, minmay_temple_entry_glassed_door
D:6:      kb_lookout_dungeons_type, kennysheep_potato
D:8:      serial_shops, nicolae_shop_waterfront
D:9:      uniq_joseph, uniq_erica
Temple:   nicolae_temple_god_jail

Action                   |  1- 3 |  4- 6 |  7- 9 | 10-12 || total
-------------------------+-------+-------+-------+-------++-------
Melee: Long sword        |       |     3 |    83 |       ||    86
 Fire: Blowgun           |       |       |     9 |       ||     9
 Cast: Magic Dart        |    67 |   105 |   127 |       ||   299
       Searing Ray       |     2 |    10 |    67 |       ||    79
       Dazzling Spray    |       |       |     7 |       ||     7
       Iskenderun's Myst |       |       |     3 |       ||     3
       Iskenderun's Batt |       |       |     2 |       ||     2
       Repel Missiles    |       |       |     1 |       ||     1
  Use: Potion            |     1 |       |    16 |     3 ||    20
       Scroll            |       |     9 |     2 |       ||    11
  Eat: Chunk             |     1 |     7 |    25 |       ||    33
